Map: Ever Dream LE

Players

Nina

  • Race: Protoss Protoss
  • League: Grandmaster
  • Spawn Location: 7:00

Asuna - Winner!

  • Race: Protoss Protoss
  • Spawn Location: 1:00

Event: DreamHack SC2 Masters 2020 Fall

VOD

Have the link to the VOD?

Description

Time

  • Played on: Sept. 6, 2020, 4:43 p.m.
  • Length: 16:54

All games in this series

Show
View Real Time Build Order
Export as new Build Order

Nina Protoss 

Build Orders:  

Get SALT Encoding   

  12  0:01  Probe  
  13  0:13  Probe  
  14  0:18  Pylon  
  14  0:26  Probe  
  15  0:37  Gateway  
  15  0:38  Probe (Chrono Boost)  
  16  0:45  Assimilator  
  16  0:48  Probe (Chrono Boost)  
  17  0:53  Probe  
  18  0:58  Assimilator  
  18  1:05  Probe  
  18  1:10  Forge  
  19  1:17  Probe  
  20  1:24  Cybernetics Core  
  20  1:29  Probe  
  21  1:35  Pylon  
  21  1:42  Probe  
  22  1:57  Nexus  
  22  2:02  Stalker (Chrono Boost)  
  25  2:08  Probe  
  25  2:16  Warp Gate  
  25  2:20  Probe  
  26  2:32  Probe  
  26  2:34  Gateway  
  26  2:35  Stalker  
  28  2:44  Probe  
  28  2:48  Shield Battery  
  29  2:57  Probe  
  30  3:00  Assimilator  
  30  3:09  Stalker  
  30  3:11  Gateway  
  30  3:12  Probe  
  33  3:17  Probe  
  34  3:24  Probe  
  35  3:35  Robotics Facility, Probe  
  38  3:42  Probe  
  38  3:47  Probe  
  38  3:52  Pylon  
  38  3:54  Probe  
  39  4:00  Probe  
  40  4:04  Stalker  
  40  4:05  Sentry  
  40  4:06  Probe  
  45  4:12  Probe  
  45  4:15  Shield Battery  
  46  4:18  Probe  
  46  4:22  Observer (Chrono Boost)  
  46  4:24  Probe (Chrono Boost)  
  49  4:29  Sentry  
  49  4:30  Probe (Chrono Boost), Pylon  
  52  4:36  Probe (Chrono Boost)  
  53  4:41  Probe (Chrono Boost)  
  54  4:46  Probe x2 (Chrono Boost), Pylon  
  60  4:56  Assimilator  
  60  4:58  Probe x2  
  62  5:00  Assimilator  
  62  5:04  Stalker x3  
  64  5:10  Probe x2  
  66  5:15  Twilight Council  
  66  5:22  Probe x2  
  68  5:28  Observer  
  68  5:29  Pylon  
  68  5:30  Pylon  
  68  5:32  Gateway, Stalker  
  70  5:36  Gateway  
  70  5:45  Gateway  
  70  5:47  Probe x2  
  70  5:48  Observer x2  
  70  5:49  Blink (Chrono Boost)  
  73  5:57  Stalker  
  73  5:59  Stalker  
  77  6:06  Gateway  
  77  6:13  Stalker  
  77  6:14  Nexus  
  79  6:20  Forge  
  79  6:21  Stalker  
  79  6:23  Stalker  
  83  6:25  Pylon  
  83  6:26  Observer  
  83  6:34  Observer  
  83  6:39  Pylon, Stalker  
  86  6:44  Pylon  
  86  6:49  Protoss Ground Weapons Level 1 (Chrono Boost)  
  86  6:56  Stalker x2  
  86  6:57  Stalker x2  
  86  6:58  Observer  
  86  6:59  Stalker  
  96  7:06  Stalker x2  
  100  7:13  Photon Cannon  
  100  7:18  Probe  
  101  7:27  Stalker x3  
  107  7:32  Stalker  
  107  7:33  Stalker  
  102  7:44  Stalker x2  
  102  7:51  Stalker x2  
  90  7:52  Stalker  
  76  7:58  Stalker  
  76  7:59  Probe  
  76  8:04  Stalker  
  71  8:07  Stalker  
  65  8:13  Stalker  
  65  8:15  Stalker  
  65  8:19  Stalker  
  59  8:27  Stalker x2  
  59  8:32  Stalker  
  63  8:36  Stalker  
  63  8:41  Stalker  
  67  8:45  Stalker  
  69  8:52  Observer  
  69  8:54  Stalker, Photon Cannon  
  71  8:59  Stalker  
  71  9:01  Stalker  
  75  9:06  Stalker  
  77  9:11  Stalker  
  77  9:16  Stalker  
  81  9:21  Stalker  
  82  9:26  Observer  
  82  9:28  Stalker  
  84  9:33  Stalker  
  84  9:35  Stalker  
  87  9:54  Nexus  
  87  9:57  Stalker x2  
  91  10:03  Stalker  
  93  10:07  Observer (Chrono Boost)  
  93  10:09  Stalker  
  93  10:13  Stalker  
  98  10:17  Stalker  
  100  10:21  Stalker  
  102  10:29  Protoss Ground Weapons Level 2  
  102  10:38  Pylon  
  102  10:41  Pylon  
  102  10:57  Stalker x4  
  102  11:04  Robotics Bay  
  110  11:10  Photon Cannon  
  110  11:15  Photon Cannon  
  110  11:22  Stalker  
  106  11:36  Robotics Facility  
  102  11:49  Probe x2  
  102  11:50  Photon Cannon  
  102  11:51  Probe  
  102  11:54  Disruptor  
  102  12:04  Stalker x4  
  108  12:11  Observer  
  99  12:24  Disruptor (Chrono Boost)  
  99  12:26  Stalker x3  
  100  12:30  Disruptor (Chrono Boost)  
  100  12:36  Gateway  
  101  12:38  Pylon  
  101  12:47  Stalker x2  
  101  12:50  Stalker  
  107  12:56  Disruptor (Chrono Boost)  
  109  13:07  Stalker x3  
  113  13:16  Stalker  
  113  13:17  Stalker  
  98  13:43  Disruptor x2  
  85  13:48  Zealot x3  
  85  13:49  Zealot  
  93  13:56  Observer  
  91  14:18  Nexus  
  91  14:21  Observer  
  92  14:31  Pylon  
  92  14:37  Disruptor (Chrono Boost)  
  95  14:53  Disruptor (Chrono Boost)  
  95  14:57  Observer  
  98  15:09  Disruptor (Chrono Boost)  
  94  15:31  Stalker x3  
  94  15:36  Stalker  
  94  15:41  Stalker  
  98  15:50  Stalker  
  98  15:52  Observer  
  98  15:55  Stalker  
  103  16:07  Disruptor  
  103  16:11  Stalker x2  
  110  16:16  Observer  
  110  16:22  Stalker x2  
Show
View Real Time Build Order
Export as new Build Order

Asuna Protoss - Winner!

Build Orders: Phoenix Opening 

Get SALT Encoding   

  12  0:00  Probe  
  13  0:12  Probe  
  14  0:17  Pylon  
  14  0:24  Probe (Chrono Boost)  
  15  0:36  Gateway  
  15  0:38  Probe (Chrono Boost)  
  16  0:43  Probe (Chrono Boost)  
  16  0:46  Assimilator  
  17  0:52  Probe  
  18  1:03  Pylon  
  18  1:04  Probe  
  18  1:07  Assimilator  
  19  1:12  Assimilator  
  19  1:18  Probe  
  20  1:28  Cybernetics Core  
  20  1:30  Probe (Chrono Boost)  
  21  1:45  Probe (Chrono Boost)  
  22  1:51  Probe (Chrono Boost)  
  23  2:00  Probe  
  24  2:05  Adept  
  26  2:14  Nexus  
  26  2:27  Stargate  
  26  2:28  Warp Gate  
  26  2:35  Pylon  
  26  2:39  Probe  
  27  2:51  Probe  
  27  2:54  Stalker  
  30  3:02  Pylon  
  30  3:03  Probe  
  31  3:11  Phoenix (Chrono Boost)  
  33  3:16  Probe  
  30  3:27  Stalker  
  34  3:28  Probe  
  34  3:33  Phoenix (Chrono Boost)  
  39  3:40  Shield Battery  
  39  3:50  Probe  
  39  3:53  Probe  
  39  3:55  Phoenix (Chrono Boost)  
  43  4:03  Robotics Facility  
  43  4:06  Shield Battery  
  43  4:07  Void Ray (Chrono Boost)  
  45  4:19  Pylon  
  45  4:27  Pylon  
  45  4:32  Probe, Stalker  
  45  4:34  Probe  
  49  4:44  Probe (Chrono Boost)  
  49  4:46  Probe (Chrono Boost)  
  49  4:49  Phoenix  
  52  4:53  Assimilator  
  52  4:56  Probe (Chrono Boost)  
  52  4:58  Probe (Chrono Boost)  
  54  5:00  Observer  
  54  5:03  Probe (Chrono Boost)  
  54  5:04  Probe (Chrono Boost)  
  57  5:11  Probe  
  58  5:15  Probe  
  59  5:21  Immortal (Chrono Boost), Pylon  
  59  5:23  Probe  
  59  5:27  Probe  
  65  5:34  Phoenix  
  65  5:35  Probe  
  68  5:39  Probe  
  69  5:43  Gateway, Pylon  
  69  5:47  Probe  
  70  5:51  Probe  
  71  5:59  Phoenix  
  71  6:00  Immortal (Chrono Boost)  
  77  6:09  Assimilator  
  79  6:12  Gateway x2  
  77  6:24  Phoenix  
  79  6:35  Sentry  
  79  6:37  Immortal (Chrono Boost), Pylon  
  85  6:43  Pylon  
  85  6:44  Pylon  
  85  6:53  Pylon  
  85  6:55  Phoenix, Pylon  
  87  7:03  Stalker x2  
  91  7:09  Stalker x2  
  91  7:14  Forge  
  94  7:20  Phoenix  
  96  7:27  Stalker x2  
  100  7:35  Twilight Council  
  100  7:43  Stalker x2  
  100  7:51  Immortal (Chrono Boost)  
  80  8:00  Stalker x2  
  76  8:11  Phoenix  
  74  8:14  Stalker  
  74  8:24  Stalker x2  
  76  8:30  Immortal (Chrono Boost)  
  80  8:48  Charge (Chrono Boost)  
  80  8:50  Sentry  
  80  8:54  Nexus, Pylon  
  82  8:57  Zealot x3  
  88  9:04  Immortal (Chrono Boost)  
  92  9:15  Photon Cannon  
  92  9:17  Shield Battery  
  92  9:29  Sentry  
  92  9:32  Templar Archives  
  92  9:35  Protoss Ground Weapons Level 1 (Chrono Boost)  
  92  9:36  Gateway  
  92  9:41  Gateway  
  92  9:59  Zealot x3  
  98  10:08  Immortal (Chrono Boost)  
  102  10:15  Photon Cannon  
  102  10:20  Photon Cannon  
  102  10:22  High Templar  
  102  10:27  Zealot, High Templar  
  106  10:31  Archon  
  106  10:32  Probe (Chrono Boost)  
  109  10:36  Probe x2 (Chrono Boost)  
  109  10:38  Pylon  
  110  10:43  Probe (Chrono Boost)  
  110  10:47  Probe x2 (Chrono Boost)  
  110  10:48  Probe (Chrono Boost)  
  113  10:51  Assimilator  
  113  10:54  Assimilator  
  113  10:58  Immortal (Chrono Boost)  
  116  11:09  Probe x3  
  119  11:11  Pylon  
  119  11:15  High Templar x3  
  119  11:16  High Templar  
  127  11:21  Probe x2  
  127  11:25  Zealot  
  127  11:29  Gateway  
  127  11:30  Archon x2  
  123  11:40  Robotics Facility  
  123  11:46  Zealot  
  123  11:51  Zealot x3  
  123  11:54  Pylon  
  119  12:03  Gateway  
  119  12:06  Gateway  
  119  12:09  Pylon  
  119  12:12  Zealot x4  
  123  12:25  Warp Prism (Chrono Boost)  
  125  12:33  High Templar  
  125  12:34  High Templar x5  
  137  12:38  Archon x2  
  137  12:41  Pylon  
  137  12:42  Protoss Ground Weapons Level 2 (Chrono Boost), Archon  
  137  12:48  Shield Battery  
  137  12:54  Observer  
  137  12:55  Phoenix (Chrono Boost)  
  140  12:59  Zealot  
  142  13:13  Phoenix  
  142  13:19  Stargate  
  134  13:31  Zealot x3  
  134  13:32  Zealot x4  
  140  13:38  Phoenix  
  140  13:39  Zealot  
  122  14:00  Nexus  
  122  14:03  Phoenix (Chrono Boost)  
  122  14:05  Phoenix (Chrono Boost)  
  124  14:19  Phoenix (Chrono Boost)  
  126  14:30  Phoenix  
  128  14:32  Photon Cannon  
  128  14:33  Photon Cannon  
  128  14:35  Shield Battery  
  128  14:36  Observer (Chrono Boost)  
  129  14:43  Phoenix  
  129  14:44  Probe  
  129  14:45  Pylon, Probe x2  
  134  14:47  Pylon  
  134  14:51  Immortal (Chrono Boost), Photon Cannon  
  130  14:55  Phoenix  
  134  15:00  Zealot x3  
  134  15:06  High Templar x3  
  146  15:07  High Templar  
  146  15:13  Archon x2  
  138  15:28  Phoenix x2 (Chrono Boost)  
  142  15:37  Dark Shrine  
  142  15:39  Unknown, Probe x3  
  142  15:41  Zealot x2  
  142  15:42  Zealot  
  151  15:44  High Templar x2  
  151  15:45  High Templar  
  151  15:47  High Templar  
  158  15:51  Phoenix (Chrono Boost)  
  158  15:54  Phoenix (Chrono Boost)  
  162  15:57  Archon  
  162  15:58  Zealot, Archon  
  162  16:03  Gateway  
  156  16:13  Pylon  
  156  16:15  Photon Cannon  
  156  16:17  Zealot x4  
  162  16:46  Zealot x8  

Tags
 
Add a new tag
Caveats
  • Supply blocks, unpowered buildings, or Contaminate may cause inaccurate times.
  • Supply counts are checked every 10 seconds.